 Dungeon Crawl Stone Soup version 0.28.0-53-g5a82cb258f (webtiles) character file.

Game seed: 6554760926200014122

238 GrimmCrowley the Covered (level 5, -16/47 HPs)
             Began as a Minotaur Fighter on July 13, 2022.
             Killed from afar by Ijyb (36 damage)
             ... with a bolt of acid
             ... on level 4 of the Dungeon.
             The game lasted 00:26:42 (3970 turns).

GrimmCrowley the Covered (Minotaur Fighter)         Turns: 3970, Time: 00:26:43

Health: -16/47     AC:  7    Str: 23    XL:     5   Next: 78%
Magic:  4/4        EV:  9    Int:  5    God:
Gold:   108        SH:  4    Dex:  9    Spells: 4/4 levels left

rFire   . . .      SeeInvis .   a - +0 long sword
rCold   . . .      Faith    .   c - +0 buckler
rNeg    . . .      Spirit   .   b - +0 scale mail
rPois   .          Reflect  .   (helmet restricted)
rElec   .          Harm     .   (no cloak)
rCorr   .          Rampage  .   (no gloves)
Will    .....                   (no boots)
Stlth   ..........              (no amulet)
HPRegen 0.15/turn               (no ring)
MPRegen 0.09/turn               (no ring)

@: no status effects
A: horns 2, retaliatory headbutt
a: no special abilities


You were on level 4 of the Dungeon.
You visited 1 branch of the dungeon, and saw 4 of its levels.

You collected 108 gold pieces.

Inventory:

Hand Weapons
 a - a +0 long sword (weapon)
 f - a +0 whip
 h - a +0 club
 j - a +0 club
 n - a +0 dagger
 p - a +0 whip
 u - a +0 club
Missiles
 g - 97 stones (quivered)
Armour
 b - a +0 scale mail (worn)
 c - a +0 buckler (worn)
 l - a +0 ring mail
 s - a +0 ring mail
 t - a +1 robe of fire resistance
 v - a +0 robe
Wands
 z - a wand of polymorph (4)
Scrolls
 e - a scroll of magic mapping {unknown}
 i - a scroll of noise {unknown}
 m - 3 scrolls of identify {unknown}
 q - a scroll of fear {unknown}
 w - a scroll of acquirement {unknown}
 x - a scroll of brand weapon {unknown}
 y - 2 scrolls of teleportation {unknown}
Potions
 d - a potion of might
 k - 2 potions of curing {unknown}
 o - a potion of degeneration {unknown}
 r - 2 potions of attraction {unknown}


   Skills:
 + Level 4.6 Fighting
 + Level 4.6 Long Blades
 + Level 5.1 Armour
 + Level 1.1 Dodging
 + Level 0.8 Stealth
 + Level 4.4 Shields


You had 4 spell levels left.
You didn't know any spells.
Your spell library contained the following spells:

 Spells                   Type           Power      Damage    Failure   Level
 Animate Skeleton         Necr           0%         N/A       86%         1
 Apportation              Tloc           0%         N/A       86%         1
 Summon Small Mammal      Summ           0%         N/A       86%         1


Dungeon Overview and Level Annotations

Branches:
Dungeon (4/15)
 Temple: D:4-7

Altars:
Yredelemnul
Beogh

Annotations:
D:3 3 runed translucent doors, Tboneapple's ghost, amateur GrMo
D:4 Ijyb


Innate Abilities, Weirdness & Mutations

You have a pair of horns on your head.
You reflexively headbutt those who attack you in melee.


Message History

You feel very sick.
Found a leather armour.
You feel sick.
You see here a +0 robe.
You hit the kobold but do no damage.
You feel sick. The kobold hits you with a +0 whip.
You hit the kobold. Your headbutt misses the kobold.
The kobold is severely wounded.
You feel sick. The kobold barely misses you. The kobold closely misses you.
You closely miss the kobold.
The kobold is severely wounded.
You feel sick.
Ijyb zaps a wand.
The bolt of acid misses you. The kobold hits you but does no damage.
Ijyb zaps a wand.
The bolt of acid hits you.
You hit the kobold but do no damage. Your headbutt misses the kobold.
The kobold is severely wounded.
You feel sick. The kobold closely misses you.
You closely miss the kobold.
The kobold is severely wounded.
You feel sick. The kobold barely misses you.
You barely miss the kobold.
You headbutt the kobold, but do no damage.
The kobold is severely wounded.
You feel sick.
You are no longer poisoned.
The kobold hits you with a +0 whip. The kobold hits you but does no damage.
You closely miss the kobold.
The kobold is severely wounded.
The kobold closely misses you. You furiously retaliate!
You headbutt the kobold.
You kill the kobold!
Things that are here:
a +0 whip; 2 poisoned darts; a kobold corpse Ijyb hits you but does no damage.
Found an escape hatch in the floor.
Ijyb screams, "Me kill you!" Ijyb closely misses you.
You see here 2 golden potions.
You closely miss Ijyb.
Ijyb zaps a wand.
The bolt of acid hits you!!!
Ouch! That really hurt!
You die...

..........#
#..
..≈≈≈≈≈≈≈..#
#..
...........#
#..
..≈.≈≈≈.≈.##
###
..≈.....≈.#
..≈.._..≈.#
..≈.....≈[#
..≈.≈≈≈g≈)#
.......@..#
..≈≈≈≈≈≈≈...#
............#
...........[#
>...........#
............#
............#
......#######


You could see Ijyb.

Vanquished Creatures
  A scorpion (D:4)
  An orc priest (D:3)
  Jessica (D:3)
  An orc wizard (D:3)
  3 adders
  A worm (D:2)
  A dart slug (D:1)
  2 orcs (D:3)
  4 bats (D:1)
  8 endoplasms
  4 giant cockroaches
  6 goblins
  7 hobgoblins
  5 kobolds
  2 quokkas (D:1)
  4 ball pythons
  3 frilled lizards
  3 rats (D:1)
57 creatures vanquished.

Notes
Turn   | Place    | Note
-------+----------+-------------------------------------------
     0 | D:1      | GrimmCrowley the Minotaur Fighter began the quest for the
                  | Orb.
     0 | D:1      | Reached XP level 1. HP: 19/19 MP: 0/0
   368 | D:1      | Reached XP level 2. HP: 27/27 MP: 1/1
   510 | D:1      | Reached skill level 4 in Armour
   662 | D:1      | Reached XP level 3. HP: 31/33 MP: 2/2
  2218 | D:3      | Reached XP level 4. HP: 27/41 MP: 3/3
  2449 | D:3      | Noticed Jessica
  2459 | D:3      | Killed Jessica
  2460 | D:3      | Reached XP level 5. HP: 42/47 MP: 4/4
  2591 | D:3      | Found a faded altar of an unknown god.
  2926 | D:3      | Found a runed translucent gate.
  2927 | D:3      | Found a runed translucent gate.
  2927 | D:3      | Found a runed translucent gate.
  2927 | D:3      | Noticed Tboneapple's ghost (amateur GrMo)
  2928 | D:3      | Identified the +8 hunting sling "Esyrghow" {speed, rElec
                  | rCorr Dex+4}
  3571 | D:4      | Reached skill level 5 in Armour
  3571 | D:4      | Reached skill level 1 in Dodging
  3949 | D:4      | Found a basalt altar of Yredelemnul.
  3951 | D:4      | Noticed Ijyb
  3970 | D:4      | Killed from afar by Ijyb

Illustrated notes

Levels and vault maps discovered:
D:1:      dpeg_arrival_oval, layout_loops_ring
D:2:      mumra_celtic_spiral_tile, layout_loops_ring, minmay_hedge_maze
D:3:      layout_basic, ebering_ecumenical_altar_webs,
          biasface_ghost_orc_armoury, hangedman_glass_teeth, uniq_jessica
D:4:      layout_basic, mainiacjoe_overflow_cross_hatched,
          gammafunk_temple_overflow_wave, marbit_many_paths, uniq_ijyb,
          uniq_crazy_yiuf_cottage

Skill      XL: |  1  2  3  4  5 |
---------------+----------------+-----
Fighting       | 4 |  4.6
Armour         | 4 5 |  5.1
Shields        | 4 |  4.4
Long Blades    | 3 4 |  4.6
Dodging        | 1 |  1.1
Stealth        | |  0.8

Action                   |  1- 3 |  4- 6 || total
-------------------------+-------+-------++-------
Melee: Long sword        |    93 |    50 ||   143
       Headbutt          |     9 |     5 ||    14
  Use: Scroll            |       |     1 ||     1
Armor: Scale mail        |    35 |    20 ||    55
Dodge: Dodged            |    39 |    28 ||    67
Block: Buckler           |    17 |    13 ||    30
